Map: Pillars of Gold LE

Players

Cham - Winner!

  • Race: Zerg Zerg
  • League: Grandmaster
  • Spawn Location: 1:00

JimRising

  • Race: Zerg Zerg
  • League: Grandmaster
  • Spawn Location: 7:00

Event: DreamHack SC2 Masters 2020 Summer Latin America

VOD

Have the link to the VOD?

Description

Time

  • Played on: June 27, 2020, 3:41 p.m.
  • Length: 7:50

All games in this series

Show
View Real Time Build Order
Export as new Build Order

Cham Zerg - Winner!

Build Orders: Hatch First 

Get SALT Encoding   

  12  0:00  Drone  
  13  0:08  Drone  
  14  0:17  Overlord  
  14  0:36  Drone x2  
  16  0:49  Hatchery  
  15  0:52  Drone  
  15  0:56  Drone  
  17  0:59  Drone  
  18  1:10  Extractor  
  17  1:15  Spawning Pool  
  16  1:18  Drone  
  16  1:22  Drone  
  18  1:30  Drone  
  19  1:43  Drone  
  20  1:54  Drone  
  21  2:02  Queen x2  
  21  2:03  Overlord, Zergling x2  
  26  2:13  Metabolic Boost  
  26  2:14  Drone  
  28  2:15  Drone  
  28  2:23  Drone  
  28  2:26  Drone  
  30  2:38  Hatchery  
  29  2:46  Evolution Chamber  
  29  2:47  Drone x2  
  29  2:52  Drone x2  
  31  3:05  Zergling x4  
  33  3:09  Zergling x4  
  33  3:10  Baneling Nest  
  34  3:15  Drone  
  34  3:16  Overlord  
  34  3:19  Zerg Melee Weapons Level 1  
  35  3:28  Zergling x2  
  35  3:29  Overlord  
  36  3:34  Zergling x4  
  36  3:35  Zergling x2  
  36  3:38  Zergling x2  
  41  3:41  Zergling x2  
  41  3:45  Drone x3  
  44  3:54  Zergling x8  
  44  4:04  Zergling x8  
  48  4:13  Zergling x6  
  49  4:18  Zergling x10  
  54  4:28  Lair  
  54  4:30  Zergling x6  
  55  4:34  Zergling x4  
  54  4:40  Zergling x2  
  54  4:41  Zergling x2  
  54  4:44  Zergling x2  
  56  4:51  Zergling x2  
  56  4:52  Zergling x2  
  55  4:58  Zergling x12  
  55  4:59  Zergling x4  
  53  5:07  Drone x2  
  53  5:10  Extractor  
  53  5:11  Zergling x2  
  54  5:17  Queen  
  54  5:18  Drone x2  
  54  5:21  Drone  
  58  5:26  Drone  
  56  5:35  Spire  
  52  5:39  Zergling x10  
  52  5:41  Zergling x2  
  56  5:48  Extractor  
  55  5:50  Extractor  
  55  5:51  Zergling x2  
  55  5:55  Zergling x2  
  55  5:56  Zergling x2  
  57  6:03  Overlord x2  
  57  6:09  Overlord  
  57  6:10  Zergling x2  
  58  6:18  Baneling x2  
  58  6:21  Zergling x2  
  58  6:22  Zergling x2  
  58  6:25  Zergling x2  
  61  6:26  Zergling x4  
  61  6:27  Zergling x2  
  61  6:32  Zergling x4  
  66  6:41  Overlord  
  66  6:49  Mutalisk x2  
  66  6:53  Mutalisk  
  72  6:57  Mutalisk  
  74  7:04  Mutalisk  
  74  7:19  Mutalisk x3  
  74  7:26  Zergling x4  
Show
View Real Time Build Order
Export as new Build Order

JimRising Zerg 

Build Orders: Hatch First 

Get SALT Encoding   

  12  0:00  Drone  
  13  0:13  Overlord  
  13  0:17  Drone  
  14  0:31  Drone  
  14  0:32  Drone  
  16  0:50  Hatchery  
  16  0:54  Drone  
  16  0:56  Drone  
  17  1:02  Drone  
  18  1:16  Spawning Pool  
  18  1:18  Drone  
  18  1:22  Drone  
  19  1:25  Extractor  
  19  1:30  Drone  
  19  1:40  Drone  
  20  1:51  Drone  
  21  2:00  Overlord  
  21  2:02  Drone  
  21  2:04  Queen x2  
  26  2:12  Drone  
  26  2:13  Drone  
  28  2:22  Drone  
  29  2:23  Drone  
  30  2:33  Zergling x2  
  30  2:36  Drone  
  32  2:40  Queen  
  32  2:43  Overlord  
  34  2:52  Metabolic Boost  
  34  2:53  Drone  
  34  2:56  Overlord  
  34  2:57  Drone  
  36  3:05  Drone  
  37  3:08  Evolution Chamber  
  37  3:12  Drone x4, Overlord  
  40  3:13  Drone  
  40  3:19  Lair  
  41  3:23  Drone  
  41  3:24  Drone  
  41  3:26  Drone  
  44  3:36  Roach Warren  
  44  3:38  Extractor  
  44  3:40  Drone x2, Extractor  
  44  3:41  Drone  
  44  3:44  Zerg Missile Weapons Level 1  
  44  3:50  Evolution Chamber  
  40  4:04  Drone x2  
  40  4:05  Drone  
  44  4:10  Zergling x4  
  44  4:16  Roach  
  51  4:17  Roach x3  
  47  4:25  Roach x2  
  47  4:31  Roach  
  50  4:40  Roach, Zergling x4  
  54  4:46  Queen, Zergling x2  
  51  4:57  Roach x3  
  50  5:00  Evolution Chamber  
  41  5:07  Roach  
  43  5:14  Roach  
  43  5:17  Roach  
  43  5:20  Queen  
  47  5:25  Roach  
  49  5:32  Roach  
  49  5:33  Roach  
  54  5:35  Zergling x2  
  54  5:38  Zergling x2  
  55  5:46  Roach Warren  
  55  5:48  Zergling x2  
  55  5:51  Zergling x2  
  56  5:57  Overlord  
  56  6:14  Overlord  
  56  6:15  Overlord  
  56  6:16  Nydus Network  
  55  6:23  Overlord  
  55  6:24  Drone  
  56  6:31  Roach  
  58  6:32  Roach  
  58  6:39  Roach  
  60  6:41  Roach  
  60  6:46  Roach  
  64  6:50  Roach  
  66  6:54  Nydus Canal  
  66  6:59  Roach  
  68  7:04  Roach  
  68  7:07  Roach  
  71  7:18  Nydus Canal  
  71  7:23  Roach x3  
  71  7:27  Roach  
Tags
 
Add a new tag
Caveats
  • Supply blocks, unpowered buildings, or Contaminate may cause inaccurate times.
  • Supply counts are checked every 10 seconds.